 Dungeon Crawl Stone Soup version 0.31.0-12-g77e489cdc1 (webtiles) character file.

Game seed: 1408835905340802144

179 Doomgape the Covered (level 5, -3/34 HPs)
             Began as a Gargoyle Fighter on Mar 4, 2024.
             Incinerated by a bombardier beetle (4 damage)
             ... with a burning spray
             ... on level 4 of the Dungeon.
             The game lasted 00:07:37 (2994 turns).

Doomgape the Covered (Gargoyle Fighter)             Turns: 2994, Time: 00:07:37

Health: -3/34      AC: 13    Str: 21    XL:     5   Next: 59%
Magic:  5/5        EV:  9    Int:  9    God:
Gold:   187        SH:  4    Dex:  9    Spells: 4/4 levels left

rFire   . . .        a - +1 flail
rCold   . . .        c - +0 buckler
rNeg    + . .        b - +0 scale mail
rPois   ∞            (no helmet)
rElec   +            (no cloak)
rCorr   .            (no gloves)
SInv    .            o - +1 pair of boots
Will    .....        (no amulet) Stlth
                     (no ring)
HPRegen 0.25/turn    (no ring)
MPRegen 0.09/turn

%: no passive effects
@: on fire, glowing
A: sickness immunity, AC +4, negative energy resistance 1, electricity
resistance, torment resistance 1, petrification resistance
a: no special abilities


You were on level 4 of the Dungeon.
You visited 1 branch of the dungeon, and saw 4 of its levels.

You collected 247 gold pieces.
You spent 60 gold pieces at shops.

Inventory:

Hand Weapons
 a - a +1 flail (weapon)
Armour
 b - a +0 scale mail (worn)
 c - a +0 buckler (worn)
 o - a +1 pair of boots (worn)
Jewellery
 l - a ring of fire
 m - a ring of flight
Scrolls
 i - 2 scrolls of identify
 j - a scroll of torment {unknown}
 k - a scroll of enchant armour {unknown}
 n - a scroll of fear {unknown}
 q - a scroll of blinking {unknown}
Potions
 d - a potion of might
 e - 6 potions of curing
 f - a potion of magic {unknown}
 g - a potion of lignification
 p - 2 potions of degeneration {unknown}


   Skills:
 + Level 4.3 Fighting
 + Level 3.2 Maces & Flails
 + Level 4.4 Armour
 + Level 4.3 Shields


You had 4 spell levels left.
You didn't know any spells.
Your spell library contained the following spells:

 Spells                   Type           Power      Damage    Failure   Level
 Gell's Gravitas          Tloc           0%         N/A       98%         3
 Teleport Other           Tloc           0%         N/A       98%         3
 Freezing Cloud           Conj/Ice/Air   0%         6-21      100%        5
 Dispersal                Tloc           0%         N/A       100%        6
 Plasma Beam              Fire/Air       0%         2x1d10    100%        6
 Lehudib's Crystal Spear  Conj/Erth      0%         10d2      100%        8


Dungeon Overview and Level Annotations

Branches:
Dungeon (4/15)
 Temple: D:4-7

Altars:
Okawaru

Shops:
D:2 ?!**


Innate Abilities, Weirdness & Mutations

You are immune to sickness and miasma.
Your stone body is resilient. (AC +4)
You are immune to poison.
You resist negative energy. (rN+)
You are resistant to electric shocks. (rElec)
You are resistant to unholy torment.
You are immune to petrification.


Message History

You barely miss the bombardier beetle.
The bombardier beetle is heavily wounded.
You block the bombardier beetle's attack.
You barely miss the bombardier beetle.
The bombardier beetle is heavily wounded.
You hit the bombardier beetle but do no damage.
The bombardier beetle is heavily wounded.
The bombardier beetle sprays incendiary fluid at you.
The burning spray hits you.
You are covered in liquid fire!
You sock the bombardier beetle!
The bombardier beetle is almost dead.
The liquid fire burns you!
The bombardier beetle sprays incendiary fluid at you.
The burning spray hits you.
You are even more covered in liquid fire!
You hit the bombardier beetle but do no damage.
The bombardier beetle is almost dead.
The liquid fire burns you!
You hit the bombardier beetle but do no damage.
The bombardier beetle is almost dead.
The liquid fire burns you!
The bombardier beetle bites you but does no damage.
You hit the bombardier beetle.
You kill the bombardier beetle!
The liquid fire burns you!
* * * LOW HITPOINT WARNING * * *
Unknown command.
You are on fire!
You are on fire!
You shake off some of the fire as you move.
The liquid fire burns you!
* * * LOW HITPOINT WARNING * * *
You shake off some of the fire as you move.
The liquid fire burns you!
* * * LOW HITPOINT WARNING * * *
Unknown command.
You shake off some of the fire as you move.
The liquid fire burns you!
You die...

#############
#######............
#...........###
#.......###.#
######.#########.####
.......# #...@$†.#
######.# #.##.##.#
#.# # #.# # #.# #..
#.# #### #.. #.. ...


There were no monsters in sight!

Vanquished Creatures
  A bombardier beetle (D:4)
  Robin (D:3)
  6 adders
  A dart slug (D:3)
  2 ribbon worms
  3 orcs (D:3)
  8 ball pythons
  6 endoplasms
  3 giant cockroaches
  17 goblins
  2 hobgoblins (D:1)
  3 jackals (D:1)
  4 kobolds
  2 quokkas (D:3)
  3 bats
  A frilled lizard (D:3)
  11 rats
74 creatures vanquished.

Notes
Turn   | Place    | Note
-------+----------+-------------------------------------------
     0 | D:1      | Doomgape the Gargoyle Fighter began the quest for the Orb.
     0 | D:1      | Reached XP level 1. HP: 14/14 MP: 1/1
   147 | D:1      | Reached XP level 2. HP: 19/19 MP: 2/2
   880 | D:2      | Reached XP level 3. HP: 19/24 MP: 3/3
  1110 | D:2      | Found Peklux's Magic Scroll Boutique.
  1132 | D:2      | Found an iron altar of Okawaru.
  1256 | D:2      | Found Kem Rog's Distillery.
  1268 | D:2      | Bought a potion of curing for 30 gold pieces
  1268 | D:2      | Bought a potion of curing for 30 gold pieces
  1286 | D:2      | Found Juap's General Store.
  1309 | D:2      | Found Qyal's Assorted Antiques.
  1566 | D:3      | Reached XP level 4. HP: 27/29 MP: 4/4
  2056 | D:3      | Noticed Robin
  2098 | D:3      | Killed Robin
  2099 | D:3      | Reached XP level 5. HP: 25/33 MP: 5/5
  2178 | D:3      | Got the Vellum of Voltaic Scree
  2993 | D:4      | HP: 1/34 [burnt (3)]
  2994 | D:4      | Incinerated by a bombardier beetle

Illustrated notes

Levels and vault maps discovered:
D:1:      dpeg_arrival_water_temple_mockup, layout_loops_ring,
          serial_bayou_ford_a
D:2:      layout_loops_ring, serial_shops, shop_statue, shop,
          nicolae_shop_statue_plus, nicolae_shop_window_shopping, basic_altar
D:3:      minmay_chambers_of_threes, layout_loops_corners, chequers_jeans,
          kennysheep_small_spiral, minmay_splitting_lines, uniq_robin
D:4:      minmay_door_path, layout_loops_ring

Skill      XL: |  1  2  3  4 |
---------------+-------------+-----
Armour         | 4 |  4.4
Fighting       | 4 |  4.3
Shields        | 4 |  4.3
Maces & Flails | 3 |  3.2

Action                     |  1- 3 |  4- 6 || total
---------------------------+-------+-------++-------
  Melee: Flail             |   108 |   138 ||   246
    Use: Scroll            |       |     4 ||     4
 Armour: Scale mail        |    83 |    94 ||   177
  Dodge: Dodged            |    59 |    49 ||   108
  Block: Buckler           |    22 |    25 ||    47
